 Dungeon Crawl Stone Soup version 0.29.1-4-g47bece8355 (webtiles) character file.

Game seed: 5943156487656922745

458 trench the Cudgeller (level 6, -2/76 HPs)
             Began as a Draconian Fighter on Dec 8, 2022.
             Splashed by a jelly's acid (5 damage)
             ... on level 4 of the Dungeon.
             The game lasted 00:20:15 (5357 turns).

trench the Cudgeller (Draconian Fighter)            Turns: 5357, Time: 00:20:16

Health: -2/76      AC:  2    Str: 20    XL:     6   Next: 77%
Magic:  6/6        EV: 12    Int:  9    God:
Gold:   294        SH:  9    Dex: 10    Spells: 5/5 levels left

rFire   . . .      SeeInvis .   a - +0 flail
rCold   . . .      Faith    .   b - +0 buckler
rNeg    + . .      Spirit   .   (body armour unavailable)
rPois   .          Reflect  +   (helmet restricted)
rElec   .          Harm     .   (no cloak)
rCorr   .          Rampage  .   (no gloves)
Will    .....                   (no boots)
Stlth   ..........              p - amulet of reflection
HPRegen 0.22/turn               u - ring of positive energy
MPRegen 0.10/turn               (no ring)

@: berserking, corroded, very quick
A: AC +6, unfitting armour, cold-blooded
a: no special abilities


You were on level 4 of the Dungeon.
You visited 1 branch of the dungeon, and saw 4 of its levels.
You also visited: Sewer.

You collected 294 gold pieces.

Inventory:

Hand Weapons
 a - a +0 flail (weapon)
Missiles
 e - 63 stones
 r - 13 poisoned darts (quivered)
 s - 5 boomerangs
Armour
 b - a +0 buckler (worn)
Magical Staves
 n - a staff of poison
Jewellery
 p - an amulet of reflection (around neck)
 u - a ring of positive energy (left hand)
Wands
 t - a wand of mindburst (19)
Scrolls
 c - a scroll of fear
 f - a scroll of teleportation
 g - a scroll of enchant weapon {unknown}
 h - a scroll of noise {unknown}
 j - a scroll of magic mapping {unknown}
 k - a scroll of vulnerability {unknown}
 q - a scroll of summoning {unknown}
 v - a scroll of poison {unknown}
Potions
 i - a potion of lignification {unknown}
 l - a potion of curing
 m - 2 potions of berserk rage
 o - 2 potions of degeneration
 w - a potion of brilliance {unknown}
 x - a potion of heal wounds {unknown}


   Skills:
 - Level 3.2 Fighting
 * Level 6.1 Maces & Flails
 + Level 4.5 Dodging
 - Level 3.0 Shields


You had 5 spell levels left.
You didn't know any spells.
Your spell library contained the following spells:

 Spells                   Type           Power      Damage    Failure   Level
 Summon Small Mammal      Summ           0%         N/A       47%         1
 Call Canine Familiar     Summ           0%         N/A       85%         3
 Summon Guardian Golem    Hex/Summ       0%         N/A       85%         3


Dungeon Overview and Level Annotations

Branches:
Dungeon (4/15)             Temple (0/1) D:4           Sewer (visited)

Altars:
Makhleb

Annotations:
D:3 Sigmund


Innate Abilities, Weirdness & Mutations

Your plain brown scales are hard. (AC +6)
You cannot fit into any form of body armour.
You are cold-blooded and may be slowed by cold attacks.


Message History

The jelly hits you but does no damage. The jelly hits you.
You are splashed with acid!
Things that are here:
a +0 dagger; a worm corpse You hit the jelly.
Your hands burn!
The jelly is lightly wounded.
The jelly barely misses you.
You hit the jelly.
Your hands burn!
The jelly is lightly wounded.
The jelly hits you. The acid corrodes you!
You are splashed with acid!
You hit the jelly but do no damage.
Your hands burn!
You tail-slap the jelly, but do no damage.
The jelly is lightly wounded.
The jelly closely misses you.
You thump the jelly!
Your hands burn!
The jelly is almost dead.
The jelly hits you but does no damage.
You completely miss the jelly.
The jelly is almost dead.
You block the jelly's attack.
You hit the jelly.
Your hands burn!
* * * LOW HITPOINT WARNING * * *
The jelly is almost dead.
The jelly hits you but does no damage. The jelly hits you.
* * * LOW HITPOINT WARNING * * *
You are splashed with acid!
* * * LOW HITPOINT WARNING * * *
You feel better. The jelly hits you but does no damage.
You hit the jelly but do no damage.
Your hands burn!
* * * LOW HITPOINT WARNING * * *
The jelly is almost dead.
You block the jelly's attack.
A red film seems to cover your vision as you go berserk!
You feel yourself moving faster!
You feel mighty! The jelly hits you.
* * * LOW HITPOINT WARNING * * *
You are splashed with acid.
* * * LOW HITPOINT WARNING * * *
You are too berserk!
You hit the jelly but do no damage.
Your hands burn!
You die...

. .. #. #.. #...
.##...#######..#
.......@J)......
#############..#


You could see a jelly.

Vanquished Creatures
  A phantom (D:4)
  2 bullfrogs (Sewer)
  A hound (D:4)
  8 adders
  4 worms
  3 dart slugs
  8 orcs
  20 ball pythons
  18 endoplasms
  9 giant cockroaches
  7 goblins
  5 hobgoblins
  9 kobolds
  11 quokkas
  3 bats
  10 frilled lizards
  9 rats
128 creatures vanquished.

Notes
Turn   | Place    | Note
-------+----------+-------------------------------------------
     0 | D:1      | trench the Draconian Fighter began the quest for the Orb.
     0 | D:1      | Reached XP level 1. HP: 19/19 MP: 1/1
   284 | D:1      | Reached XP level 2. HP: 26/26 MP: 2/2
   589 | D:1      | Found a faded altar of an unknown god.
   982 | D:2      | Reached skill level 3 in Maces & Flails
  1098 | D:2      | Reached XP level 3. HP: 31/31 MP: 3/3
  1948 | D:3      | Reached XP level 4. HP: 35/38 MP: 4/4
  2173 | D:3      | Reached skill level 4 in Maces & Flails
  2290 | D:3      | Noticed Sigmund
  3179 | D:4      | Found a glowing drain.
  3191 | D:4      | Noticed a phantom
  3232 | D:4      | Killed a phantom
  3233 | D:4      | Reached XP level 5. HP: 19/45 MP: 5/5
  3587 | Sewer    | Entered a sewer
  3595 | Sewer    | Reached skill level 5 in Maces & Flails
  4366 | Sewer    | Reached XP level 6. HP: 47/51 MP: 6/6
  4706 | D:4      | Reached skill level 6 in Maces & Flails
  5033 | D:4      | Found a staircase to the Ecumenical Temple.
  5079 | D:4      | Found a burning altar of Makhleb.
  5081 | D:4      | Noticed a balrug
  5356 | D:4      | HP: 3/76 [acid (5)]
  5357 | D:4      | Splashed by a jelly's acid

Illustrated notes

Levels and vault maps discovered:
D:1:      minmay_arrival_cross, layout_basic, basic_ecumenical_altar,
          minivault_4
D:2:      layout_loops_cross, dreamdust_princess_bridge
D:3:      layout_rooms, st_stairs_3, uniq_sigmund
D:4:      layout_basic, makhleb_altar_promises_db, minmay_temple_entry_waves,
          gup_sewer_entry_glass

Skill      XL: |  1  2  3  4  5  6 |
---------------+-------------------+-----
Dodging        | 3 4 |  4.5
Maces & Flails | 3 4 5 6 |  6.1
Fighting       | |  3.2
Shields        | |  3.0

Action                   |  1- 3 |  4- 6 || total
-------------------------+-------+-------++-------
Melee: Flail             |   103 |   320 ||   423
       Tailslap          |     8 |    32 ||    40
Throw: Dart              |       |     6 ||     6
  Use: Potion            |       |     3 ||     3
       Scroll            |       |     6 ||     6
Armor: Skin              |    20 |    88 ||   108
Dodge: Dodged            |    44 |   157 ||   201
Block: Buckler           |    18 |   152 ||   170
       Reflection        |       |     3 ||     3
